[Event "EYCC Open-U12 2019"]
[Site "Bratislava"]
[Date "2019.08.02"]
[Round "1.1"]
[White "Maurizzi, Marc Andria"]
[Black "Dovbnia, Nikita"]
[Result "1/2-1/2"]
[ECO "C42"]
[WhiteElo "2412"]
[BlackElo "1777"]
[Annotator "NA"]
[PlyCount "162"]
[EventDate "2019.08.02"]
[EventType "swiss"]
[EventCountry "SVK"]
[SourceTitle "playchess.com"]
[Source "ChessBase"]
[SourceQuality "1"]
[TimeControl "40/5400+30:1800+30"]

1. e4 e5 2. Nf3 Nf6 3. Nxe5 d6 4. Nf3 Nxe4 5. c4 c6 6. Nc3 Nxc3 7. bxc3 d5 8. d4 Bd6 9. Bd3 dxc4 10. Bxc4 O-O 11. O-O Bf5 12. Bd3 Bxd3 13. Qxd3 Nd7 14. c4 h6 15. g3 Re8 16. Rb1 Bc7 17. Bd2 Ne5 18. Nxe5 Bxe5 19. Be3 Qd7 20. Rfd1 Bf6 21. d5 b6 22. Re1 Rad8 23. Rbd1 h5 24. Bc1 Rxe1+ 25. Rxe1 b5 26. cxb5 Qxd5 27. Qxd5 Rxd5 28. bxc6 Rc5 29. Re8+ Kh7 30. Be3 Rxc6 31. Ra8 a6 32. a4 Bc3 33. Ra7 Kg6 34. Rb7 a5 35. Rb5 Rc4 36. Rg5+ Kf6 37. Rxh5 Rxa4 38. Rc5 Bb4 39. Rc6+ Kf5 40. Kg2 Ra3 41. Bd4 f6 42. Rc7 Rd3 43. Bb6 g5 44. Bxa5 Bxa5 45. Rc5+ Kg6 46. Rxa5 g4 47. Ra8 f5 48. Rb8 Ra3 49. Re8 Ra2 50. Kf1 Rb2 51. Re2 Rb1+ 52. Kg2 Rb3 53. Re1 Rb2 54. Re8 Ra2 55. Rg8+ Kf6 56. Rh8 Kg5 57. h4+ gxh3+ 58. Rxh3 f4 59. gxf4+ Kxf4 60. Rh8 Rb2 61. Rf8+ Kg4 62. Ra8 Rb3 63. Ra4+ Kf5 64. f3 Rb1 65. Kf2 Rb8 66. Ra7 Rb1 67. Rf7+ Ke6 68. Rf8 Ke5 69. Kg3 Rg1+ 70. Kh4 Rg2 71. Rf7 Rg1 72. Ra7 Kf4 73. Rf7+ Ke5 74. Kh5 Rg2 75. f4+ Ke6 76. Rf8 Rg1 77. f5+ Ke7 78. Ra8 Kf6 79. Ra5 Rg5+ 80. Kh4 Rxf5 81. Rxf5+ Kxf5 1/2-1/2

[Event "EYCC Open-U12 2019"]
[Site "Bratislava"]
[Date "2019.08.02"]
[Round "1.2"]
[White "Aasen, Joakim"]
[Black "Samadov, Read"]
[Result "0-1"]
[ECO "A20"]
[WhiteElo "1718"]
[BlackElo "2230"]
[Annotator "NA"]
[PlyCount "70"]
[EventDate "2019.08.02"]
[EventType "swiss"]
[EventCountry "SVK"]
[SourceTitle "playchess.com"]
[Source "ChessBase"]
[SourceQuality "1"]
[TimeControl "40/5400+30:1800+30"]

1. c4 e5 2. g3 Nf6 3. Bg2 c6 4. d4 exd4 5. Qxd4 d5 6. Nc3 Be6 7. cxd5 cxd5 8. e3 Nc6 9. Qa4 Be7 10. Nge2 O-O 11. O-O Nd7 12. Rd1 Nb6 13. Qc2 Rc8 14. Nf4 Bg4 15. f3 Be6 16. a4 a5 17. Qe2 Nb4 18. Kh1 Bc5 19. b3 Qe7 20. Bb2 Rfd8 21. Rac1 Bf5 22. e4 Bg6 23. exd5 Qxe2 24. Ncxe2 Bc2 25. Bh3 Bxd1 26. Bxc8 Bxe2 27. Bg4 Be3 28. Nxe2 Bxc1 29. Bxc1 Nd3 30. Bf4 Nxf4 31. Nxf4 Nxd5 32. Nd3 Ne3 33. Nf2 Rd2 34. Kg1 Nxg4 35. Nxg4 Rb2 0-1

[Event "EYCC Open-U12 2019"]
[Site "Bratislava"]
[Date "2019.08.02"]
[Round "1.3"]
[White "Han, Yichen"]
[Black "Gschiel, Alexander"]
[Result "1-0"]
[ECO "A46"]
[WhiteElo "2217"]
[BlackElo "1768"]
[Annotator "NA"]
[PlyCount "93"]
[EventDate "2019.08.02"]
[EventType "swiss"]
[EventCountry "SVK"]
[SourceTitle "playchess.com"]
[Source "ChessBase"]
[SourceQuality "1"]
[TimeControl "40/5400+30:1800+30"]

1. d4 Nf6 2. Nf3 e6 3. Bf4 c5 4. e3 Nc6 5. c3 b6 6. h3 Bb7 7. Bd3 cxd4 8. exd4 Be7 9. Nbd2 d6 10. O-O O-O 11. Qe2 Re8 12. Rfe1 Qd7 13. Rad1 Rac8 14. Bh2 Bd8 15. Ne4 Be7 16. Nfg5 Nxe4 17. Nxe4 Qc7 18. Qh5 g6 19. Qh6 Qd8 20. h4 Na5 21. Ng5 Bxg5 22. hxg5 Nc4 23. Bxc4 Rxc4 24. Rd3 f5 25. gxf6 Rc7 26. Rde3 Qxf6 27. Bxd6 Rf7 28. Bg3 Bd5 29. b3 b5 30. Re5 Rc8 31. R1e3 a5 32. Qh3 Rff8 33. Bh4 Qf7 34. f3 a4 35. Bg5 Rb8 36. Rxd5 exd5 37. Re7 axb3 38. axb3 b4 39. Rxf7 Rxf7 40. cxb4 Rxb4 41. Bh6 Rb8 42. Qe6 Rd8 43. b4 Rb8 44. b5 Ra8 45. b6 Rb8 46. b7 Rd8 47. Qc8 1-0

[Event "EYCC Open-U12 2019"]
[Site "Bratislava"]
[Date "2019.08.02"]
[Round "1.4"]
[White "Gregoric, Andraz"]
[Black "Strybuk, Artsiom I"]
[Result "0-1"]
[ECO "C10"]
[WhiteElo "1911"]
[BlackElo "2193"]
[Annotator "NA"]
[PlyCount "154"]
[EventDate "2019.08.02"]
[EventType "swiss"]
[EventCountry "SVK"]
[SourceTitle "playchess.com"]
[Source "ChessBase"]
[SourceQuality "1"]
[TimeControl "40/5400+30:1800+30"]

1. e4 e6 2. d4 d5 3. Nd2 dxe4 4. Nxe4 Nd7 5. Nf3 Ngf6 6. Nxf6+ Nxf6 7. Bd3 Be7 8. c3 O-O 9. O-O b6 10. Qc2 Bb7 11. Ng5 h6 12. Nh7 Re8 13. Nxf6+ Bxf6 14. Bh7+ Kf8 15. Be4 Bxe4 16. Qxe4 Qd5 17. Qxd5 exd5 18. Bf4 Re2 19. Rab1 c6 20. Bd6+ Ke8 21. Rfe1 Rxe1+ 22. Rxe1+ Kd7 23. Bf4 c5 24. Be3 cxd4 25. cxd4 Rc8 26. Kf1 Rc4 27. b3 Rc3 28. Re2 Rd3 29. Re1 Rc3 30. Re2 h5 31. Ke1 Rc8 32. Kd2 Be7 33. Kd3 Bd6 34. h3 f6 35. f3 g5 36. Rf2 Rg8 37. Rf1 f5 38. Bd2 h4 39. Be3 Be7 40. Rf2 Bf6 41. Rf1 a6 42. Rf2 b5 43. Rf1 a5 44. Rf2 Ra8 45. a3 a4 46. b4 Rg8 47. Rf1 Be7 48. Ke2 Bd6 49. Rg1 Rg6 50. Kd3 Rg8 51. Ke2 Ke6 52. Kd3 g4 53. Bf2 Be7 54. Be3 Rg6 55. Kd2 Bd6 56. Kd3 Rg8 57. Bf2 Kd7 58. Be3 Bh2 59. Rh1 gxf3 60. gxf3 Rg2 61. Bd2 Bd6 62. Be1 Ra2 63. Bxh4 Rxa3+ 64. Ke2 Ra2+ 65. Kd3 Bxb4 66. Bg5 Rg2 67. h4 a3 68. Be3 Bf8 69. h5 b4 70. h6 b3 71. Kc3 b2 72. h7 a2 73. h8=Q Bb4+ 74. Kxb4 b1=Q+ 75. Rxb1 axb1=Q+ 76. Kc5 Rc2+ 77. Kxd5 Qb5# {[%emt 0:00:02] f4} 0-1

[Event "EYCC Open-U12 2019"]
[Site "Bratislava"]
[Date "2019.08.02"]
[Round "1.5"]
[White "Kvaloy, Aksel Bu"]
[Black "Rakovsky, Jakub"]
[Result "1-0"]
[ECO "B51"]
[WhiteElo "2205"]
[BlackElo "1663"]
[Annotator "NA"]
[PlyCount "51"]
[EventDate "2019.08.02"]
[EventType "swiss"]
[EventCountry "SVK"]
[SourceTitle "playchess.com"]
[Source "ChessBase"]
[SourceQuality "1"]
[TimeControl "40/5400+30:1800+30"]

1. e4 c5 2. Nf3 d6 3. Bb5+ Nd7 4. O-O a6 5. Bd3 e5 6. c3 Ngf6 7. Bc2 Be7 8. d4 b6 9. Qe2 O-O 10. Rd1 Qc7 11. a4 Bb7 12. b3 Rfe8 13. dxe5 Nxe5 14. Nxe5 dxe5 15. Bg5 Rad8 16. Nd2 Rd7 17. Nc4 Red8 18. Rxd7 Rxd7 19. Ne3 h6 20. Bh4 Qd8 21. Nf5 Kf8 22. Rd1 Rxd1+ 23. Bxd1 Bxe4 24. Nxe7 Qxe7 25. Bxf6 Qb7 26. f3 1-0

[Event "EYCC Open-U12 2019"]
[Site "Bratislava"]
[Date "2019.08.02"]
[Round "1.6"]
[White "Janeczko, Jakub"]
[Black "Petrovskiy, Vadim"]
[Result "0-1"]
[ECO "B33"]
[WhiteElo "1663"]
[BlackElo "2090"]
[Annotator "NA"]
[PlyCount "82"]
[EventDate "2019.08.02"]
[EventType "swiss"]
[EventCountry "SVK"]
[SourceTitle "playchess.com"]
[Source "ChessBase"]
[SourceQuality "1"]
[TimeControl "40/5400+30:1800+30"]

1. e4 c5 2. Nf3 Nc6 3. d4 cxd4 4. Nxd4 Nf6 5. Nc3 e6 6. Ndb5 d6 7. Bf4 e5 8. Bg5 a6 9. Na3 b5 10. Nd5 Be7 11. Bxf6 Bxf6 12. c3 O-O 13. Nc2 Bg5 14. h4 Bh6 15. g4 f6 16. Nce3 Kh8 17. Be2 Rb8 18. Qb3 Be6 19. Nf5 Bf4 20. Qd1 Qd7 21. a3 g6 22. Nfe3 Rbe8 23. h5 Kg7 24. a4 Rb8 25. axb5 axb5 26. Qd3 Nd8 27. hxg6 hxg6 28. Nxf4 exf4 29. Ng2 g5 30. e5 Kg8 31. exd6 Nc6 32. Qg6+ Qg7 33. Qxg7+ Kxg7 34. O-O-O Ne5 35. Ne1 b4 36. Nf3 Bb3 37. Rd2 Ra8 38. Bd3 Nxd3+ 39. Rxd3 Ra1+ 40. Kd2 Rxh1 41. d7 Rd1+ 0-1

[Event "EYCC Open-U12 2019"]
[Site "Bratislava"]
[Date "2019.08.02"]
[Round "1.7"]
[White "Ozkan, Taha"]
[Black "Gudmundsson, Gunnar Erik"]
[Result "1-0"]
[ECO "D05"]
[WhiteElo "2140"]
[BlackElo "1746"]
[Annotator "NA"]
[PlyCount "57"]
[EventDate "2019.08.02"]
[EventType "swiss"]
[EventCountry "SVK"]
[SourceTitle "playchess.com"]
[Source "ChessBase"]
[SourceQuality "1"]
[TimeControl "40/5400+30:1800+30"]

1. d4 Nf6 2. Nf3 e6 3. e3 d5 4. Bd3 Nbd7 5. b3 Bd6 6. Bb2 c5 7. O-O O-O 8. Ne5 Qc7 9. f4 Ne4 10. Nd2 f5 11. c4 b6 12. Rc1 Ndf6 13. Nxe4 dxe4 14. Be2 Bb7 15. Qc2 Rac8 16. Rfd1 Rfd8 17. Rd2 Be7 18. Rcd1 a6 19. Kf2 cxd4 20. Bxd4 Nd5 21. Qb2 Nf6 22. b4 Bc6 23. Qb3 Qb8 24. Bxb6 Rxd2 25. Rxd2 Qxb6 26. c5 Ba4 27. Qxa4 Qc7 28. Qxa6 Bf8 29. Qxe6+ 1-0

[Event "EYCC Open-U12 2019"]
[Site "Bratislava"]
[Date "2019.08.02"]
[Round "1.8"]
[White "Cherneyko, Ivan"]
[Black "Fiszer, Bartosz"]
[Result "0-1"]
[ECO "E92"]
[WhiteElo "1743"]
[BlackElo "2124"]
[Annotator "NA"]
[PlyCount "69"]
[EventDate "2019.08.02"]
[EventType "swiss"]
[EventCountry "SVK"]
[SourceTitle "playchess.com"]
[Source "ChessBase"]
[SourceQuality "1"]
[TimeControl "40/5400+30:1800+30"]

1. d4 Nf6 2. c4 g6 3. Nc3 Bg7 4. e4 d6 5. Nf3 O-O 6. Be2 e5 7. d5 a5 8. Bg5 h6 9. Be3 Ng4 10. Bc1 f5 11. exf5 gxf5 12. g3 Na6 13. Nh4 Nf6 14. f4 e4 15. O-O c6 16. Be3 cxd5 17. cxd5 Bd7 18. Qb3 Qb8 19. Rfd1 Rc8 20. Bb5 Ng4 21. Bb6 Nc5 22. Bxc5 Bxb5 23. Nxb5 Rxc5 24. Nxf5 Rxb5 25. Qxb5 Qa7+ 26. Kg2 Qf2+ 27. Kh3 Qxh2+ 28. Kxg4 h5+ 29. Kg5 Qh3 30. Qe2 Rf8 31. g4 Kh7 32. Nxg7 Kxg7 33. Rh1 Qg3 34. Rxh5 Rxf4 35. Rg1 0-1

[Event "EYCC Open-U12 2019"]
[Site "Bratislava"]
[Date "2019.08.02"]
[Round "1.9"]
[White "Piliposyan, Robert"]
[Black "Lup, Constantin-Ionel"]
[Result "1-0"]
[ECO "E94"]
[WhiteElo "2156"]
[BlackElo "1739"]
[Annotator "NA"]
[PlyCount "73"]
[EventDate "2019.08.02"]
[EventType "swiss"]
[EventCountry "SVK"]
[SourceTitle "playchess.com"]
[Source "ChessBase"]
[SourceQuality "1"]
[TimeControl "40/5400+30:1800+30"]

1. d4 d6 2. c4 e5 3. Nc3 Nd7 4. Nf3 g6 5. e4 Bg7 6. Be2 Ngf6 7. O-O O-O 8. Be3 c6 9. h3 Qe7 10. d5 c5 11. Ne1 Ne8 12. f4 exf4 13. Bxf4 Nef6 14. Nf3 Nh5 15. Bh2 Ne5 16. Nxe5 Bxe5 17. Bxe5 Qxe5 18. Bxh5 gxh5 19. Qf3 Bd7 20. Qf6 Rae8 21. Rae1 Qg3 22. Re2 Qe5 23. Qxe5 dxe5 24. Rf6 Kg7 25. Ref2 Re7 26. Ne2 h4 27. Nc1 b6 28. Nd3 Bc8 29. a3 Ba6 30. b3 Ree8 31. R2f3 Bb7 32. b4 cxb4 33. axb4 Ba6 34. b5 Bb7 35. c5 bxc5 36. Nxc5 Bc8 37. Rc6 1-0

[Event "EYCC Open-U12 2019"]
[Site "Bratislava"]
[Date "2019.08.02"]
[Round "1.10"]
[White "Prazak, Daniel"]
[Black "Pingin, Artem"]
[Result "1/2-1/2"]
[ECO "A46"]
[WhiteElo "1586"]
[BlackElo "2155"]
[Annotator "NA"]
[PlyCount "144"]
[EventDate "2019.08.02"]
[EventType "swiss"]
[EventCountry "SVK"]
[SourceTitle "playchess.com"]
[Source "ChessBase"]
[SourceQuality "1"]
[TimeControl "40/5400+30:1800+30"]

1. d4 Nf6 2. Nf3 e6 3. Bf4 d5 4. e3 c5 5. c3 Nc6 6. Nbd2 Bd6 7. Bg3 O-O 8. Bd3 b6 9. Qc2 c4 10. Be2 Bb7 11. O-O Bxg3 12. hxg3 b5 13. a3 a5 14. b4 Nd7 15. e4 Nb6 16. Rfe1 Ra7 17. exd5 exd5 18. Nf1 Bc8 19. Ne3 Be6 20. Qd2 Qf6 21. Ra2 Rfa8 22. Rea1 Na4 23. Bd1 Nxc3 24. Qxc3 axb4 25. Qb2 b3 26. Bxb3 cxb3 27. Qxb3 Nxd4 28. Nxd4 Qxd4 29. Qxb5 Ra5 30. Qb7 Qe5 31. Rd1 h6 32. Rad2 Rxa3 33. Nxd5 Ra1 34. Ne3 R8a3 35. Qf3 Bb3 36. Rxa1 Rxa1+ 37. Kh2 Qa5 38. Qe2 Be6 39. Rb2 Qe5 40. Rb5 Qc3 41. Qc2 Qxc2 42. Nxc2 Ra2 43. Rc5 Rb2 44. f3 Kf8 45. Nd4 Ke7 46. Nxe6 Kxe6 47. g4 g6 48. Ra5 Kf6 49. Ra6+ Kg7 50. Kg3 Rb5 51. Rc6 Rg5 52. Rc4 h5 53. Ra4 hxg4 54. Rxg4 Ra5 55. Rb4 g5 56. f4 Ra3+ 57. Kg4 gxf4 58. Rxf4 Kg6 59. Rf3 Ra2 60. Kg3 f5 61. Rb3 Kg5 62. Kf3 Ra1 63. g3 Rf1+ 64. Kg2 Rc1 65. Rf3 Rc2+ 66. Rf2 Rc3 67. Ra2 Kg4 68. Ra4+ Kg5 69. Rf4 Rc2+ 70. Rf2 Rxf2+ 71. Kxf2 f4 72. gxf4+ Kxf4 1/2-1/2

[Event "EYCC Open-U12 2019"]
[Site "Bratislava"]
[Date "2019.08.02"]
[Round "1.11"]
[White "Navumenka, Mikhei"]
[Black "Skreko, Igor"]
[Result "1-0"]
[ECO "B56"]
[WhiteElo "2196"]
[BlackElo "1688"]
[Annotator "NA"]
[PlyCount "103"]
[EventDate "2019.08.02"]
[EventType "swiss"]
[EventCountry "SVK"]
[SourceTitle "playchess.com"]
[Source "ChessBase"]
[SourceQuality "1"]
[TimeControl "40/5400+30:1800+30"]

1. e4 c5 2. Nc3 d6 3. Nge2 Nc6 4. d4 cxd4 5. Nxd4 Nf6 6. g3 a6 7. Bg2 Qc7 8. O-O e6 9. Re1 Bd7 10. Nxc6 Bxc6 11. Nd5 Qd8 12. c4 Be7 13. Nxe7 Qxe7 14. Bd2 O-O 15. Bb4 Rfd8 16. Qd2 Qc7 17. Rad1 Ne8 18. b3 b6 19. Re3 a5 20. Ba3 Rd7 21. Rd3 Rad8 22. Bb2 Qb7 23. Qe3 Rc8 24. a4 Qc7 25. e5 Bxg2 26. Kxg2 Qc6+ 27. Kg1 Rcd8 28. exd6 Rxd6 29. Rxd6 Rxd6 30. Rxd6 Nxd6 31. Qe5 Ne8 32. Bd4 Kf8 33. Qe3 Nd6 34. Bxb6 Nb7 35. Bd4 f6 36. Bc3 e5 37. Qd3 g6 38. Bxa5 Nxa5 39. Qd8+ Kg7 40. Qxa5 Qf3 41. Qa7+ Kg8 42. Qe3 Qd1+ 43. Kg2 Qc2 44. a5 Qa2 45. Qc3 Kf7 46. c5 e4 47. Qc4+ Kf8 48. Qxe4 Qxa5 49. c6 f5 50. Qe6 Qc5 51. Qc4 Qe5 52. c7 1-0

[Event "EYCC Open-U12 2019"]
[Site "Bratislava"]
[Date "2019.08.02"]
[Round "1.12"]
[White "Herwy, Jakub"]
[Black "Dudarev, Vladislav"]
[Result "1-0"]
[ECO "B20"]
[WhiteElo "1685"]
[BlackElo "2137"]
[Annotator "NA"]
[PlyCount "81"]
[EventDate "2019.08.02"]
[EventType "swiss"]
[EventCountry "SVK"]
[SourceTitle "playchess.com"]
[Source "ChessBase"]
[SourceQuality "1"]
[TimeControl "40/5400+30:1800+30"]

1. e4 c5 2. c4 Nc6 3. Nc3 g6 4. g3 Bg7 5. Bg2 d6 6. Nge2 Nf6 7. O-O O-O 8. a3 Bg4 9. f3 Bd7 10. Rb1 Rb8 11. d3 a6 12. Be3 b5 13. cxb5 axb5 14. b4 cxb4 15. axb4 Be6 16. Nf4 Qd7 17. Qd2 Rfc8 18. Nxe6 Qxe6 19. d4 Qd7 20. f4 e6 21. h3 d5 22. exd5 exd5 23. f5 Ne7 24. fxg6 hxg6 25. Bf4 Rb6 26. Be5 Ne4 27. Bxe4 dxe4 28. Bxg7 Kxg7 29. Nxe4 Qxh3 30. Rxf7+ Kg8 31. Rxe7 Rf8 32. Qa2+ Kh8 33. Qh2 Qxh2+ 34. Kxh2 Rc6 35. Rh1 Kg8 36. Kh3 Rc4 37. Rd7 Rf5 38. Ra1 Rf8 39. Raa7 Rf1 40. Ra8+ Rf8 41. Nf6+ 1-0

[Event "EYCC Open-U12 2019"]
[Site "Bratislava"]
[Date "2019.08.02"]
[Round "1.13"]
[White "Vergara Anton, Diego"]
[Black "Jetzl, Julian"]
[Result "1-0"]
[ECO "E62"]
[WhiteElo "2183"]
[BlackElo "1719"]
[Annotator "NA"]
[PlyCount "67"]
[EventDate "2019.08.02"]
[EventType "swiss"]
[EventCountry "SVK"]
[SourceTitle "playchess.com"]
[Source "ChessBase"]
[SourceQuality "1"]
[TimeControl "40/5400+30:1800+30"]

1. d4 Nf6 2. Nf3 g6 3. g3 Bg7 4. Bg2 O-O 5. O-O d6 6. c4 Nc6 7. Nc3 Bf5 8. b3 Ne4 9. Nd5 Qd7 10. Bb2 Rfe8 11. Nh4 e6 12. Ne3 g5 13. Nhxf5 exf5 14. Nd5 Ne7 15. Nc3 Ng6 16. Qd3 Qe7 17. Nd5 Qd7 18. Ne3 Qe6 19. d5 Qd7 20. Bxg7 Kxg7 21. f3 Nc5 22. Nxf5+ Kg8 23. Qc2 Re5 24. e4 h5 25. f4 gxf4 26. gxf4 Ree8 27. Qc3 f6 28. Qxf6 Qh7 29. Rae1 h4 30. Re3 Rf8 31. Qg5 Kh8 32. Rh3 Rg8 33. Qf6+ Rg7 34. Qxg7+ 1-0

[Event "EYCC Open-U12 2019"]
[Site "Bratislava"]
[Date "2019.08.02"]
[Round "1.14"]
[White "Bunic, Emanuel"]
[Black "Celik, Hasan Huseyin"]
[Result "0-1"]
[ECO "E62"]
[WhiteElo "1718"]
[BlackElo "1903"]
[Annotator "NA"]
[PlyCount "58"]
[EventDate "2019.08.02"]
[EventType "swiss"]
[EventCountry "SVK"]
[SourceTitle "playchess.com"]
[Source "ChessBase"]
[SourceQuality "1"]
[TimeControl "40/5400+30:1800+30"]

1. d4 Nf6 2. c4 g6 3. g3 Bg7 4. Bg2 O-O 5. Nc3 d6 6. Nf3 c6 7. O-O Qa5 8. e4 e5 9. h3 Nbd7 10. Re1 exd4 11. Nxd4 Ne5 12. Bf1 Re8 13. Be3 Be6 14. Nxe6 Rxe6 15. Kg2 Rae8 16. a3 Ned7 17. Bd3 Qc7 18. b4 Ng4 19. Bd2 Nge5 20. Bf1 Nf6 21. Qc2 d5 22. exd5 cxd5 23. cxd5 Nxd5 24. Qb3 Nxc3 25. Bxc3 Qc6+ 26. f3 Qxf3+ 27. Kh2 Qf2+ 28. Bg2 Nf3+ 29. Kh1 Rxe1+ 0-1

[Event "EYCC Open-U12 2019"]
[Site "Bratislava"]
[Date "2019.08.02"]
[Round "1.15"]
[White "Macias Pino, Diego"]
[Black "Ivanov, Svetlen"]
[Result "1-0"]
[ECO "B45"]
[WhiteElo "2150"]
[BlackElo "1717"]
[Annotator "NA"]
[PlyCount "43"]
[EventDate "2019.08.02"]
[EventType "swiss"]
[EventCountry "SVK"]
[SourceTitle "playchess.com"]
[Source "ChessBase"]
[SourceQuality "1"]
[TimeControl "40/5400+30:1800+30"]

1. e4 c5 2. Nc3 e6 3. Nf3 Nc6 4. d4 cxd4 5. Nxd4 Nf6 6. Be3 Bb4 7. Ndb5 Nxe4 8. Qg4 Nxc3 9. bxc3 Qf6 10. O-O-O Ba5 11. Nd6+ Kf8 12. Bc5 Kg8 13. Ne8 Qg6 14. Qh4 Bd8 15. Qa4 Qg5+ 16. Be3 Qe7 17. Nd6 Bc7 18. Nb5 d5 19. c4 d4 20. Nxc7 Qxc7 21. Bxd4 Nxd4 22. Qe8# 1-0

[Event "EYCC Open-U12 2019"]
[Site "Bratislava"]
[Date "2019.08.02"]
[Round "1.16"]
[White "Andreev, Konstantin"]
[Black "Kanov, Nikola"]
[Result "1-0"]
[ECO "A43"]
[WhiteElo "2271"]
[BlackElo "1908"]
[Annotator "NA"]
[PlyCount "59"]
[EventDate "2019.08.02"]
[EventType "swiss"]
[EventCountry "SVK"]
[SourceTitle "playchess.com"]
[Source "ChessBase"]
[SourceQuality "1"]
[TimeControl "40/5400+30:1800+30"]

1. d4 Nf6 2. Nf3 c5 3. d5 e6 4. Nc3 d6 5. e4 exd5 6. exd5 Bg4 7. h3 Bxf3 8. Qxf3 Be7 9. Qg3 Kf8 10. Be2 Na6 11. Bxa6 bxa6 12. O-O Qb6 13. b3 h5 14. Bb2 h4 15. Qf3 Qb7 16. Rad1 Rh6 17. Rfe1 Rg6 18. Ne4 Ng8 19. c4 Qd7 20. Nxc5 dxc5 21. d6 Qc8 22. Rxe7 Nh6 23. d7 Qc6 24. Qxc6 Rxc6 25. Re5 Rd8 26. Ba3 f6 27. Bxc5+ Kf7 28. Re7+ Kg6 29. Re8 Nf7 30. Be7 1-0

[Event "EYCC Open-U12 2019"]
[Site "Bratislava"]
[Date "2019.08.02"]
[Round "1.17"]
[White "Ristic, Luka"]
[Black "Lavrencic, Matic"]
[Result "1-0"]
[ECO "B32"]
[WhiteElo "2113"]
[BlackElo "1564"]
[Annotator "NA"]
[PlyCount "79"]
[EventDate "2019.08.02"]
[EventType "swiss"]
[EventCountry "SVK"]
[SourceTitle "playchess.com"]
[Source "ChessBase"]
[SourceQuality "1"]
[TimeControl "40/5400+30:1800+30"]

1. e4 c5 2. Nf3 Nc6 3. d4 cxd4 4. Nxd4 e5 5. Nb5 d6 6. c4 Be7 7. N1c3 a6 8. Na3 Nf6 9. Be2 Nd4 10. O-O O-O 11. Nc2 Nxe2+ 12. Qxe2 Be6 13. Ne3 Rc8 14. f3 Qc7 15. b3 b5 16. Ncd5 Bxd5 17. cxd5 Qa7 18. Kh1 g6 19. Ba3 Rc3 20. Nc2 a5 21. Bb2 Rc5 22. f4 Nd7 23. fxe5 dxe5 24. Ne3 Bd6 25. Ba3 b4 26. Bb2 Nb6 27. Ng4 Nd7 28. Qf2 Qc7 29. Rac1 f6 30. Ne3 Rc8 31. Nc4 Be7 32. Rcd1 Bd8 33. Rd3 Rxc4 34. bxc4 Qxc4 35. Qf3 Qxa2 36. Qh3 Nb6 37. Qe6+ Kg7 38. Bxe5 Qe2 39. Bxf6+ Kf8 40. Be7+ 1-0

[Event "EYCC Open-U12 2019"]
[Site "Bratislava"]
[Date "2019.08.02"]
[Round "1.18"]
[White "Baturina, Marin"]
[Black "Bat, Bilguun"]
[Result "0-1"]
[ECO "E34"]
[WhiteElo "1573"]
[BlackElo "2093"]
[Annotator "NA"]
[PlyCount "110"]
[EventDate "2019.08.02"]
[EventType "swiss"]
[EventCountry "SVK"]
[SourceTitle "playchess.com"]
[Source "ChessBase"]
[SourceQuality "1"]
[TimeControl "40/5400+30:1800+30"]

1. d4 Nf6 2. c4 e6 3. Nc3 Bb4 4. Qc2 d5 5. Bg5 h6 6. Bh4 g5 7. Bg3 Ne4 8. e3 h5 9. f3 Nxg3 10. hxg3 Nc6 11. Be2 Qf6 12. O-O-O Bxc3 13. Qxc3 Bd7 14. Bd3 O-O-O 15. Ne2 h4 16. g4 h3 17. Ng1 hxg2 18. Rxh8 Rxh8 19. Qc2 Rh2 20. Qf2 Qh8 21. f4 gxf4 22. Qxf4 e5 23. Qxf7 exd4 24. Bf5 Ne5 25. Bxd7+ Nxd7 26. Qxd5 Qe8 27. Qxd4 c6 28. Qxa7 c5 29. Qa8+ Nb8 30. Qa3 Na6 31. Qd3 Rh1 32. Qf5+ Kb8 33. Qg5 Ka7 34. Qf4 Qa4 35. a3 Qb3 36. Qe4 Rh2 37. Qd3 Qa4 38. Qc2 Qe8 39. Qe2 Qe4 40. Rd2 Qe5 41. Qf3 Qe6 42. Qf4 Rh7 43. Qf5 Qxc4+ 44. Qc2 Qf1+ 45. Rd1 Rh1 46. Ne2 Qf2 47. Ng1 Qxg1 48. Rxg1 Rxg1+ 49. Kd2 Rf1 50. Kd3 g1=Q 51. b4 Rd1+ 52. Ke4 Qxg4+ 53. Ke5 Rd7 54. bxc5 Re7+ 55. Kd5 Nc7+ 0-1

[Event "EYCC Open-U12 2019"]
[Site "Bratislava"]
[Date "2019.08.02"]
[Round "1.19"]
[White "Konyves, Almos"]
[Black "Isaksson, Max"]
[Result "1-0"]
[ECO "D35"]
[WhiteElo "2104"]
[BlackElo "1695"]
[Annotator "NA"]
[PlyCount "75"]
[EventDate "2019.08.02"]
[EventType "swiss"]
[EventCountry "SVK"]
[SourceTitle "playchess.com"]
[Source "ChessBase"]
[SourceQuality "1"]
[TimeControl "40/5400+30:1800+30"]

1. c4 e6 2. Nc3 d5 3. d4 Nf6 4. cxd5 exd5 5. Bg5 c6 6. e3 Bd6 7. Bd3 h6 8. Bh4 O-O 9. Qc2 Re8 10. Nge2 Nbd7 11. O-O Bxh2+ 12. Kxh2 Ng4+ 13. Kh3 g5 14. Bf5 Ndf6 15. Bg3 Bd7 16. Be5 Qc8 17. Ng3 Nxe5 18. dxe5 Rxe5 19. Bxd7 Qxd7+ 20. Kh2 Qg4 21. Kg1 h5 22. Qd1 Qh4 23. Qd4 Ng4 24. Rfe1 Rae8 25. Nce2 f5 26. Qd2 Qh2+ 27. Kf1 Qh4 28. Rac1 Nh2+ 29. Kg1 Ng4 30. Nd4 Qh2+ 31. Kf1 Nxe3+ 32. Rxe3 Rxe3 33. Nf3 Rxf3 34. Qxg5+ Kf8 35. gxf3 Qh3+ 36. Kg1 Re7 37. Nxf5 Rf7 38. Qd8# 1-0

[Event "EYCC Open-U12 2019"]
[Site "Bratislava"]
[Date "2019.08.02"]
[Round "1.20"]
[White "Bulej, Matej"]
[Black "Lystsov, Leonid"]
[Result "0-1"]
[ECO "A48"]
[WhiteElo "1664"]
[BlackElo "2086"]
[Annotator "NA"]
[PlyCount "72"]
[EventDate "2019.08.02"]
[EventType "swiss"]
[EventCountry "SVK"]
[SourceTitle "playchess.com"]
[Source "ChessBase"]
[SourceQuality "1"]
[TimeControl "40/5400+30:1800+30"]

1. d4 Nf6 2. Nf3 g6 3. Bg5 Bg7 4. e3 O-O 5. Bd3 c5 6. c3 d6 7. Nbd2 Nc6 8. h3 cxd4 9. exd4 h6 10. Bxf6 Bxf6 11. O-O e5 12. dxe5 dxe5 13. Ne4 Be7 14. Bc4 Qb6 15. Qe2 Kg7 16. Ng3 Bd6 17. Rad1 Bc7 18. Qc2 f5 19. Nh1 e4 20. Nd4 Nxd4 21. cxd4 Bd7 22. Qc3 Rfe8 23. Rc1 Rac8 24. Qd2 g5 25. Qe2 f4 26. Qd2 Qd6 27. f3 exf3 28. Rxf3 Bb6 29. Kh2 Bf5 30. d5 Be3 31. Qc3+ Kg8 32. Rd1 b5 33. Bxb5 Rxc3 34. bxc3 Rb8 35. Bc6 Rb2 36. Re1 Be4 0-1

[Event "EYCC Open-U12 2019"]
[Site "Bratislava"]
[Date "2019.08.03"]
[Round "2.1"]
[White "Samadov, Read"]
[Black "Stevik, Patrik"]
[Result "1-0"]
[ECO "E69"]
[WhiteElo "2230"]
[BlackElo "1941"]
[Annotator "NA"]
[PlyCount "57"]
[EventDate "2019.08.02"]
[EventType "swiss"]
[EventCountry "SVK"]
[SourceTitle "playchess.com"]
[Source "ChessBase"]
[SourceQuality "1"]
[TimeControl "40/5400+30:1800+30"]

1. d4 g6 2. c4 Nf6 3. Nf3 Bg7 4. g3 O-O 5. Nc3 d6 6. Bg2 c6 7. O-O Nbd7 8. e4 e5 9. h3 Re8 10. Re1 exd4 11. Nxd4 a5 12. Qc2 Nc5 13. Be3 Qc7 14. Rad1 Rd8 15. f4 Bd7 16. Bf2 Ne8 17. Nf3 b6 18. g4 Be6 19. b3 f6 20. f5 Bf7 21. Nd4 Rac8 22. Nxc6 Qxc6 23. e5 Qd7 24. e6 Nxe6 25. fxe6 Bxe6 26. Rxe6 Kh8 27. Rde1 Qc7 28. Re7 Qb8 29. Rb7 1-0